Map: Terraform LE (Void)

Players

newbie

  • Race: Zerg Zerg
  • League: Platinum

ImotoFantasy - Winner!

  • Race: Protoss Protoss
  • League: Platinum

VOD

Have the link to the VOD?

Description

Time

  • Played on: Oct. 26, 2015, 11:13 p.m.
  • Length: 22:16
Show
View Real Time Build Order
Export as new Build Order

newbie Zerg 

Build Orders: 3 Hatch before Pool 

Get SALT Encoding   

  12  0:01  Drone  
  13  0:08  Drone  
  14  0:18  Overlord  
  14  0:24  Extractor  
  14  0:25  Drone  
  15  0:50  Hatchery  
  14  1:12  Hatchery  
  13  1:26  Spawning Pool  
  13  1:29  Drone  
  13  1:37  Drone  
  14  1:41  Drone x2  
  16  1:51  Overlord  
  16  1:57  Extractor  
  15  2:03  Drone x2  
  17  2:16  Drone x2  
  17  2:17  Queen  
  21  2:28  Queen  
  23  2:38  Queen  
  23  2:42  Drone  
  26  2:46  Drone  
  26  2:48  Drone  
  29  2:51  Drone  
  29  2:59  Metabolic Boost  
  29  3:01  Zergling x2  
  29  3:05  Drone  
  31  3:11  Drone x2  
  33  3:15  Drone  
  34  3:25  Drone  
  34  3:26  Drone, Roach Warren  
  35  3:27  Drone  
  36  3:36  Evolution Chamber  
  36  3:38  Drone x2  
  36  3:39  Drone  
  38  3:44  Drone  
  39  3:57  Overlord  
  39  3:58  Overlord  
  39  3:59  Drone  
  39  4:00  Drone  
  41  4:08  Zerg Missile Weapons Level 1  
  40  4:10  Drone, Extractor  
  40  4:11  Drone x2  
  42  4:17  Drone x5  
  47  4:27  Evolution Chamber, Drone x2  
  48  4:42  Drone x2  
  48  4:45  Lair  
  50  4:49  Drone x2  
  52  4:56  Zerg Ground Armor Level 1  
  52  4:58  Overlord x3  
  52  5:02  Drone x3  
  52  5:03  Hatchery  
  52  5:04  Extractor  
  53  5:11  Drone x3  
  56  5:16  Drone x3, Extractor  
  58  5:30  Roach x6  
  58  5:31  Roach  
  58  5:35  Spore Crawler  
  71  5:36  Drone  
  71  5:37  Drone x2  
  71  5:38  Spore Crawler  
  71  5:41  Spore Crawler  
  72  5:44  Spore Crawler  
  71  5:54  Overlord x2  
  71  5:55  Overlord x2  
  71  6:02  Glial Reconstitution  
  71  6:03  Spore Crawler  
  70  6:08  Spore Crawler, Zerg Missile Weapons Level 2  
  69  6:17  Drone  
  70  6:19  Drone x4  
  70  6:20  Drone x2  
  76  6:30  Hydralisk Den  
  76  6:31  Drone x3  
  78  6:47  Spore Crawler  
  75  6:51  Spore Crawler  
  75  6:53  Drone  
  75  6:54  Drone x2  
  76  6:55  Zerg Ground Armor Level 2, Spine Crawler  
  75  7:02  Hydralisk x2, Muscular Augments  
  75  7:03  Hydralisk x3  
  75  7:07  Overlord x2  
  85  7:13  Extractor  
  84  7:16  Drone x2  
  84  7:21  Spine Crawler  
  85  7:25  Extractor  
  85  7:28  Spore Crawler  
  80  7:34  Drone  
  80  7:35  Drone x2  
  80  7:36  Drone  
  80  7:37  Drone x3  
  84  7:38  Drone x3  
  89  7:47  Hydralisk x4, Infestation Pit  
  89  7:48  Hydralisk x3  
  102  7:52  Drone  
  102  7:54  Roach x4  
  110  8:11  Drone x2  
  111  8:18  Hydralisk x5  
  111  8:19  Spore Crawler  
  120  8:29  Overlord  
  120  8:30  Overlord  
  120  8:49  Hive  
  120  9:00  Drone x3  
  123  9:03  Hydralisk x5  
  123  9:04  Hydralisk  
  123  9:08  Overlord x4  
  135  9:13  Drone  
  136  9:24  Hatchery  
  136  9:25  Spine Crawler  
  136  9:29  Drone x4  
  136  9:30  Spine Crawler  
  136  9:31  Drone x4, Spore Crawler  
  140  9:35  Hydralisk, Roach x4  
  140  9:36  Hydralisk x5  
  160  9:57  Hatchery  
  160  9:58  Overseer  
  160  9:59  Overseer  
  159  10:10  Zerg Ground Armor Level 3, Zerg Missile Weapons Level 3  
  159  10:16  Viper  
  162  10:21  Extractor  
  162  10:22  Extractor  
  160  10:51  Drone x3  
  163  11:04  Spire  
  163  11:06  Spire  
  163  11:07  Hatchery, Viper x2  
  163  11:08  Viper  
  169  11:17  Drone x2  
  169  11:18  Drone x6  
  176  11:21  Overlord x5  
  176  11:22  Overlord x3  
  177  11:38  Spine Crawler  
  176  11:59  Spore Crawler  
  175  12:03  Spore Crawler  
  174  12:11  Drone x3, Extractor  
  174  12:15  Drone x3, Extractor  
  178  12:30  Zerg Flyer Weapons Level 1  
  178  12:31  Zerg Flyer Armor Level 1  
  178  13:15  Hydralisk x5  
  178  13:16  Hydralisk x5  
  174  14:23  Mutalisk  
  144  14:24  Mutalisk x18  
  144  14:25  Mutalisk x10  
  148  14:33  Mutalisk  
  148  14:37  Mutalisk  
  148  14:38  Mutalisk x5  
  142  14:43  Zerg Flyer Weapons Level 2  
  142  14:44  Zerg Flyer Armor Level 2  
  142  14:45  Mutalisk  
  150  14:48  Mutalisk x2  
  150  14:49  Mutalisk x4  
  164  15:10  Mutalisk x5  
  164  15:11  Mutalisk  
  164  15:22  Mutalisk x2  
  164  15:23  Mutalisk  
  164  15:25  Roach  
  164  15:26  Roach x2  
  171  15:35  Mutalisk x2  
  169  15:45  Mutalisk x2  
  169  15:54  Hatchery  
  168  15:57  Mutalisk x2  
  164  16:10  Mutalisk x2  
  159  16:28  Overlord x4  
  159  16:29  Overlord x3  
  157  16:39  Hatchery  
  140  16:52  Hatchery  
  129  16:59  Mutalisk x2  
  129  17:00  Mutalisk x6  
  145  17:16  Mutalisk  
  111  17:56  Mutalisk x2  
  115  18:08  Extractor  
  115  18:11  Extractor  
  113  18:18  Drone x3  
  113  18:19  Drone  
  118  18:20  Drone x2  
  118  18:25  Hatchery  
  118  18:29  Mutalisk  
  118  18:32  Drone x3  
  120  18:40  Extractor  
  119  18:43  Extractor  
  25  19:29  Mutalisk  
  25  19:31  Zergling x10  
  30  19:32  Zergling x8  
  36  19:39  Overlord  
  35  19:48  Zergling x6  
  35  19:52  Mutalisk  
  22  20:09  Zergling x6  
  22  20:10  Zergling x8  
  29  20:18  Zergling x6  
  31  20:31  Drone x3  
  33  20:35  Drone  
  33  20:36  Drone  
Show
View Real Time Build Order
Export as new Build Order

ImotoFantasy Protoss - Winner!

Build Orders:  

Get SALT Encoding   

  12  0:01  Probe (Chrono Boost)  
  13  0:11  Probe (Chrono Boost)  
  14  0:20  Pylon  
  14  0:22  Probe (Chrono Boost)  
  15  0:38  Probe (Chrono Boost)  
  16  0:49  Probe (Chrono Boost)  
  17  1:07  Nexus  
  17  1:08  Probe (Chrono Boost)  
  18  1:18  Gateway  
  18  1:19  Probe (Chrono Boost)  
  19  1:27  Assimilator  
  20  1:32  Probe (Chrono Boost)  
  20  1:40  Pylon  
  20  1:44  Probe (Chrono Boost)  
  21  1:48  Assimilator  
  21  1:55  Probe (Chrono Boost)  
  22  2:07  Cybernetics Core  
  22  2:10  Probe (Chrono Boost)  
  23  2:19  Probe (Chrono Boost)  
  23  2:22  Probe (Chrono Boost)  
  26  2:30  Probe (Chrono Boost)  
  26  2:33  Probe (Chrono Boost)  
  27  2:39  Nexus  
  27  2:42  Probe (Chrono Boost)  
  28  2:50  Mothership Core (Chrono Boost)  
  30  2:53  Pylon  
  30  2:56  Probe (Chrono Boost)  
  31  3:00  Zealot  
  33  3:07  Probe (Chrono Boost)  
  33  3:08  Probe (Chrono Boost)  
  35  3:17  Probe (Chrono Boost)  
  36  3:23  Pylon  
  36  3:24  Probe (Chrono Boost)  
  37  3:28  Sentry  
  37  3:30  Warp Gate  
  39  3:34  Probe (Chrono Boost)  
  39  3:35  Probe (Chrono Boost)  
  41  3:43  Pylon  
  41  3:49  Probe x2 (Chrono Boost)  
  41  3:50  Pylon  
  43  3:58  Probe (Chrono Boost), Zealot  
  43  3:59  Probe (Chrono Boost)  
  43  4:00  Assimilator  
  47  4:03  Assimilator  
  47  4:07  Probe (Chrono Boost)  
  47  4:09  Probe (Chrono Boost)  
  49  4:10  Probe (Chrono Boost)  
  49  4:12  Stargate  
  50  4:18  Probe (Chrono Boost), Forge  
  50  4:20  Probe x2 (Chrono Boost)  
  53  4:29  Probe (Chrono Boost)  
  53  4:30  Probe (Chrono Boost)  
  56  4:31  Probe (Chrono Boost)  
  56  4:36  Pylon  
  56  4:39  Probe (Chrono Boost)  
  56  4:41  Probe (Chrono Boost)  
  56  4:42  Probe (Chrono Boost), Pylon  
  59  4:50  Probe (Chrono Boost)  
  59  4:51  Probe (Chrono Boost)  
  59  4:52  Probe (Chrono Boost)  
  62  4:54  Pylon  
  62  4:58  Pylon  
  62  5:00  Probe (Chrono Boost), Photon Cannon  
  62  5:03  Pylon  
  62  5:05  Pylon, Photon Cannon  
  44  5:07  Phoenix (Chrono Boost)  
  65  5:11  Pylon  
  65  5:12  Photon Cannon  
  65  5:17  Photon Cannon  
  65  5:18  Probe x2  
  65  5:20  Probe  
  68  5:25  Assimilator  
  68  5:27  Assimilator  
  68  5:29  Phoenix (Chrono Boost)  
  68  5:34  Fleet Beacon  
  68  5:35  Probe x2  
  70  5:37  Probe  
  73  5:46  Probe x2  
  73  5:49  Probe  
  76  5:51  Phoenix (Chrono Boost)  
  76  5:52  Stargate  
  78  5:57  Stargate  
  78  6:01  Stargate  
  78  6:07  Photon Cannon  
  78  6:12  Probe x2  
  78  6:13  Probe  
  78  6:15  Phoenix (Chrono Boost)  
  83  6:28  Photon Cannon  
  83  6:29  Photon Cannon  
  83  6:30  Photon Cannon  
  83  6:35  Photon Cannon  
  83  6:44  Photon Cannon  
  83  6:51  Carrier (Chrono Boost)  
  83  6:53  Carrier (Chrono Boost)  
  83  6:54  Carrier (Chrono Boost)  
  101  6:55  Carrier (Chrono Boost)  
  107  7:04  Protoss Air Weapons Level 1 (Chrono Boost)  
  107  7:06  Graviton Catapult, Probe  
  107  7:07  Probe  
  108  7:08  Probe  
  108  7:14  Photon Cannon  
  110  7:16  Photon Cannon  
  110  7:19  Photon Cannon  
  108  7:42  Photon Cannon  
  108  7:44  Pylon  
  108  7:47  Photon Cannon  
  108  7:54  Photon Cannon  
  108  7:55  Pylon  
  108  8:01  Photon Cannon  
  108  8:15  Carrier (Chrono Boost)  
  108  8:17  Carrier (Chrono Boost)  
  126  8:21  Pylon, Carrier (Chrono Boost)  
  126  8:23  Carrier (Chrono Boost)  
  132  8:46  Protoss Air Weapons Level 2 (Chrono Boost)  
  132  8:51  Photon Cannon  
  132  9:06  Twilight Council  
  132  9:14  Photon Cannon  
  138  9:39  Carrier (Chrono Boost)  
  138  9:41  Carrier (Chrono Boost)  
  156  9:56  Carrier (Chrono Boost)  
  156  9:58  Carrier (Chrono Boost)  
  156  9:59  Nexus  
  156  10:02  Pylon  
  156  10:03  Pylon  
  156  10:05  Pylon  
  156  10:16  Assimilator  
  154  10:21  Assimilator  
  153  10:53  Nexus  
  153  10:57  Templar Archives  
  153  11:00  Gateway  
  153  11:01  Gateway  
  153  11:04  Gateway x2  
  165  11:05  Gateway, Carrier x2 (Chrono Boost)  
  165  11:06  Gateway  
  165  11:09  Gateway, Pylon  
  165  11:10  Pylon  
  165  11:11  Pylon  
  165  11:16  Pylon  
  173  11:19  Assimilator  
  173  11:23  Void Ray x2 (Chrono Boost), Assimilator  
  173  11:24  Charge  
  173  11:28  Photon Cannon  
  173  11:29  Photon Cannon  
  173  11:30  Photon Cannon  
  173  11:32  Photon Cannon  
  173  11:34  Photon Cannon  
  173  11:39  Photon Cannon  
  173  11:48  High Templar  
  175  12:00  High Templar x2  
  175  12:01  Psionic Storm, High Templar  
  189  12:10  Void Ray (Chrono Boost)  
  189  12:11  Void Ray (Chrono Boost)  
  189  12:50  Void Ray (Chrono Boost)  
  197  12:51  Void Ray (Chrono Boost)  
  197  12:52  High Templar  
  199  13:19  Oracle (Chrono Boost)  
  198  13:21  High Templar  
  198  13:23  Protoss Ground Weapons Level 1 (Chrono Boost)  
  200  13:37  Robotics Facility  
  199  14:00  High Templar x2  
  182  14:40  Pylon  
  182  14:41  Pylon  
  182  14:59  Observer  
  178  15:28  Pylon  
  178  15:35  Templar Archives  
  178  15:50  Photon Cannon  
  178  15:55  Photon Cannon  
  177  15:58  Photon Cannon  
  177  16:00  Photon Cannon  
  177  16:02  Pylon  
  172  16:57  Pylon  
  141  17:58  Pylon  
  141  17:59  Pylon  
  141  18:04  Pylon  
  141  18:42  Pylon  
  141  18:46  Pylon  
  139  18:49  Pylon  
  139  18:55  Pylon  
  133  18:58  Pylon  
  133  18:59  Pylon  
  133  19:03  Pylon  
  133  19:19  Pylon  
  133  19:20  Pylon  
  133  19:31  Nexus  
  133  19:36  Pylon  
  133  19:57  Forge  
  131  20:52  Probe  
  126  21:11  Photon Cannon  
  126  21:13  Photon Cannon  
  126  21:15  Photon Cannon  
  126  21:16  Pylon  
  126  21:18  Pylon  
  126  21:19  Photon Cannon  
  126  21:21  Pylon  
  126  21:24  Pylon  
  126  21:32  Probe x2  
  128  21:41  Photon Cannon  
  128  21:42  Photon Cannon  
  128  21:43  Probe x2  
  128  21:46  Photon Cannon  
  130  21:53  Probe x2  
  132  22:04  Probe x2  
Tags
 
Add a new tag
Caveats
  • Supply blocks, unpowered buildings, or Contaminate may cause inaccurate times.
  • Supply counts are checked every 10 seconds.